TOP OF THE 1ST |
Wilmington Bay Hawks batting - Pitching for Port Royal Disaster : RHP Carl Snyder
|
Pitching: RHP Carl Snyder
|
|
Batting: LHB Dave Smerdon
|
0-0: Called Strike 0-1: Swinging Strike 0-2: Ground out 3-1 (Groundball, 3L)
|
Batting: RHB Stephen Johnson
|
0-0: Ball 1-0: Ball 2-0: Swinging Strike 2-1: Ball 3-1: DOUBLE (Groundball, 5L)
|
Batting: LHB Nelson Castillo
|
0-0: DOUBLE (Line Drive, 8RM) Stephen Johnson scores
|
Batting: RHB Phil Terry
|
0-0: Called Strike 0-1: Ball 1-1: Called Strike 1-2: Strikes out swinging
|
Batting: LHB Phil Parkinson
|
0-0: Ball 1-0: Fly out, F9 (Flyball, 9M)
|
Top of the 1st over - 1 run(s), 2 hit(s), 0 error(s), 1 left on base; Wilmington 1 - Port Royal 0 |
BOTTOM OF THE 1ST |
Port Royal Disaster batting - Pitching for Wilmington Bay Hawks : RHP Seong-rae Park
|
Pitching: RHP Seong-rae Park
|
|
Batting: RHB Sergio Martínez
|
0-0: Ball 1-0: SINGLE (Line Drive, 8RS)
|
Batting: LHB Frank Wentworth
|
0-0: Ball 1-0: SINGLE (Flyball, 6MD) Sergio Martínez to second
|
Batting: RHB David Gómez
|
0-0: Ball 1-0: Ground out 5-3 (Groundball, 15S) Sergio Martínez to third Frank Wentworth to second
|
Batting: LHB Jason Potter
|
0-0: Ball 1-0: Ball 2-0: Swinging Strike 2-1: Foul Ball, location: 2F 2-2: Ball 3-2: Strikes out swinging
|
Batting: RHB José Carlos Pérez
|
0-0: SINGLE (Line Drive, 8LS) Sergio Martínez scores Frank Wentworth to third Runner from 3rd tries for Home, SAFE, no throw or cutoff
|
Batting: RHB Juan Ávila
|
0-0: Ball 1-0: Called Strike 1-1: Called Strike 1-2: Strikes out swinging
|
Bottom of the 1st over - 2 run(s), 3 hit(s), 0 error(s), 1 left on base; Wilmington 1 - Port Royal 2 |
TOP OF THE 2ND |
Wilmington Bay Hawks batting - Pitching for Port Royal Disaster : RHP Carl Snyder
|
Batting: RHB Artie Miller
|
0-0: Called Strike 0-1: Called Strike 0-2: Ball 1-2: Strikes out swinging
|
Batting: RHB Ray Flynn
|
0-0: Ball 1-0: Called Strike 1-1: Called Strike 1-2: Strikes out looking
|
Batting: RHB Clarence Therrien
|
0-0: Ball 1-0: Swinging Strike 1-1: Foul Ball, location: 2F 1-2: Ball 2-2: Ball 3-2: Ground out 5-3 (Groundball, 56)
|
Top of the 2nd over - 0 run(s), 0 hit(s), 0 error(s), 0 left on base; Wilmington 1 - Port Royal 2 |
BOTTOM OF THE 2ND |
Port Royal Disaster batting - Pitching for Wilmington Bay Hawks : RHP Seong-rae Park
|
Batting: RHB Ronnie Cleveland
|
0-0: Ball 1-0: Swinging Strike 1-1: Called Strike 1-2: Foul Ball, location: 2F 1-2: Ball 2-2: Strikes out looking
|
Batting: RHB Brandon Cooper
|
0-0: Ball 1-0: Ball 2-0: Called Strike 2-1: Ball 3-1: Swinging Strike 3-2: Foul Ball, location: 2F 3-2: Base on Balls
|
Batting: RHB Mark O'Monaghan
|
0-0: Ball 1-0: Called Strike 1-1: Foul Ball, location: 2F 1-2: Ball 2-2: Foul Ball, location: 2F 2-2: Ball 3-2: Fly out, F4 (Popup, 34D)
|
Batting: RHB Sergio Martínez
|
0-0: Ball 1-0: Ball 2-0: Ball 3-0: Called Strike 3-1: Foul Ball, location: 2F 3-2: Base on Balls Brandon Cooper to second
|
Batting: LHB Frank Wentworth
|
0-0: Ground out 5-3 (Groundball, 15S)
|
Bottom of the 2nd over - 0 run(s), 0 hit(s), 0 error(s), 2 left on base; Wilmington 1 - Port Royal 2 |
TOP OF THE 3RD |
Wilmington Bay Hawks batting - Pitching for Port Royal Disaster : RHP Carl Snyder
|
Batting: RHB Raúl Javier Jr.
|
0-0: Ball 1-0: Foul Ball, location: 2F 1-1: Ball 2-1: Foul Ball, location: 2F 2-2: Strikes out swinging
|
Batting: LHB Dave Smerdon
|
0-0: Ball 1-0: Called Strike 1-1: Called Strike 1-2: Ball 2-2: Foul Ball, location: 2F 2-2: Ball 3-2: Base on Balls
|
Batting: RHB Stephen Johnson
|
0-0: Ball 1-0: Called Strike 1-1: Ball 2-1: Foul Ball, location: 2F 2-2: Foul Ball, location: 2F 2-2: SINGLE (Flyball, 9LS) Dave Smerdon to second Runner from 2nd tries for 3rd, SAFE, throw made to third Stephen Johnson to second
|
Batting: LHB Nelson Castillo
|
0-0: Ball 1-0: Foul Ball, location: 2F 1-1: Ball 2-1: SINGLE (Groundball, 56D) Dave Smerdon scores Stephen Johnson to third Runner from 3rd tries for Home, SAFE, throw made home
|
Batting: RHB Phil Terry
|
0-0: Called Strike 0-1: Foul Ball, location: 2F 0-2: Ball 1-2: Ball 2-2: Foul Ball, location: 2F 2-2: Ball 3-2: Base on Balls Nelson Castillo to second
|
Batting: LHB Phil Parkinson
|
0-0: Ball 1-0: Ball 2-0: Fly out, F6 (Popup, 56)
|
Batting: RHB Artie Miller
|
0-0: Ball 1-0: Ball 2-0: Ball 3-0: Base on Balls Nelson Castillo to third Phil Terry to second
|
Batting: RHB Ray Flynn
|
0-0: Ground out 4-3 (Groundball, 4)
|
Top of the 3rd over - 2 run(s), 2 hit(s), 0 error(s), 3 left on base; Wilmington 3 - Port Royal 2 |
BOTTOM OF THE 3RD |
Port Royal Disaster batting - Pitching for Wilmington Bay Hawks : RHP Seong-rae Park
|
Batting: RHB David Gómez
|
0-0: SINGLE (Groundball, 4D)
|
Batting: LHB Jason Potter
|
0-0: Called Strike 0-1: Ball 1-1: Ball 2-1: Ball 3-1: Base on Balls David Gómez to second
|
Batting: RHB José Carlos Pérez
|
0-0: Fly out, F7 (Flyball, 7S)
|
Batting: RHB Juan Ávila
|
0-0: Swinging Strike 0-1: Foul Ball, location: 2F 0-2: Foul Ball, location: 2F 0-2: Ball 1-2: Ball 2-2: DOUBLE (Line Drive, 5D) David Gómez scores Jason Potter to third
|
Batting: RHB Ronnie Cleveland
|
0-0: Called Strike 0-1: Foul Ball, location: 2F 0-2: Foul Ball, location: 2F 0-2: Ball 1-2: Strikes out swinging
|
Batting: RHB Brandon Cooper
|
0-0: Ball 1-0: Foul Ball, location: 2F 1-1: Swinging Strike 1-2: Ball 2-2: Ball 3-2: Strikes out swinging
|
Bottom of the 3rd over - 1 run(s), 2 hit(s), 0 error(s), 2 left on base; Wilmington 3 - Port Royal 3 |
TOP OF THE 4TH |
Wilmington Bay Hawks batting - Pitching for Port Royal Disaster : RHP Carl Snyder
|
Batting: RHB Clarence Therrien
|
0-0: Ball 1-0: Fly out, F7 (Flyball, 78M)
|
Batting: RHB Raúl Javier Jr.
|
0-0: Called Strike 0-1: Swinging Strike 0-2: Foul Ball, location: 2F 0-2: Fly out, F7 (Flyball, 7D)
|
Batting: LHB Dave Smerdon
|
0-0: Ground out U3 (Groundball, 3S)
|
Top of the 4th over - 0 run(s), 0 hit(s), 0 error(s), 0 left on base; Wilmington 3 - Port Royal 3 |
BOTTOM OF THE 4TH |
Port Royal Disaster batting - Pitching for Wilmington Bay Hawks : RHP Seong-rae Park
|
Batting: RHB Mark O'Monaghan
|
0-0: Swinging Strike 0-1: Ball 1-1: Foul Ball, location: 2F 1-2: Foul Ball, location: 2F 1-2: Strikes out looking
|
Batting: RHB Sergio Martínez
|
0-0: Ball 1-0: Ball 2-0: Ground out 6-3 (Groundball, 6)
|
Batting: LHB Frank Wentworth
|
0-0: Called Strike 0-1: SINGLE (Groundball, 34D)
|
Batting: RHB David Gómez
|
0-0: Called Strike 0-1: Ball 1-1: Ball 2-1: Ball 3-1: Base on Balls Frank Wentworth to second
|
Batting: LHB Jason Potter
|
0-0: Called Strike 0-1: Ball 1-1: Called Strike 1-2: Strikes out swinging
|
Bottom of the 4th over - 0 run(s), 1 hit(s), 0 error(s), 2 left on base; Wilmington 3 - Port Royal 3 |
TOP OF THE 5TH |
Wilmington Bay Hawks batting - Pitching for Port Royal Disaster : RHP Carl Snyder
|
Batting: RHB Stephen Johnson
|
0-0: Called Strike 0-1: Ball 1-1: Ball 2-1: Foul Ball, location: 2F 2-2: Ball 3-2: Base on Balls
|
Batting: LHB Nelson Castillo
|
0-0: Fly out, F7 (Flyball, 7LS)
|
Batting: RHB Phil Terry
|
0-0: Called Strike 0-1: Ball 1-1: Ball 2-1: Fly out, F5 (Popup, 25F)
|
Batting: LHB Phil Parkinson
|
0-0: Ball 1-0: Called Strike 1-1: Ball 2-1: Foul Ball, location: 2F 2-2: Ball 3-2: Foul Ball, location: 2F 3-2: Base on Balls Stephen Johnson to second
|
Batting: RHB Artie Miller
|
0-0: SINGLE (Line Drive, 9S) Stephen Johnson to third Phil Parkinson to second Runner from 3rd tries for Home, SAFE, no throw or cutoff
|
Batting: RHB Ray Flynn
|
0-0: Called Strike 0-1: Swinging Strike 0-2: Ball 1-2: Foul Ball, location: 2F 1-2: Ball 2-2: Fielders Choice at 2nd, 5-4 (Groundball, 56)
|
Top of the 5th over - 1 run(s), 1 hit(s), 0 error(s), 1 left on base; Wilmington 4 - Port Royal 3 |
BOTTOM OF THE 5TH |
Port Royal Disaster batting - Pitching for Wilmington Bay Hawks : RHP Seong-rae Park
|
Batting: RHB José Carlos Pérez
|
0-0: Ball 1-0: Swinging Strike 1-1: Ball 2-1: Foul Ball, location: 2F 2-2: Ground out 6-3 (Groundball, 6)
|
Batting: RHB Juan Ávila
|
0-0: Foul Ball, location: 2F 0-1: Ball 1-1: Called Strike 1-2: Ball 2-2: Ball 3-2: Foul Ball, location: 2F 3-2: Base on Balls
|
Batting: RHB Ronnie Cleveland
|
0-0: Called Strike 0-1: Called Strike 0-2: Ball 1-2: Strikes out looking
|
Batting: RHB Brandon Cooper
|
0-0: Foul Ball, location: 2F 0-1: Ball 1-1: Ball 2-1: Ball 3-1: Called Strike 3-2: Fly out, F7 (Flyball, 7M)
|
Bottom of the 5th over - 0 run(s), 0 hit(s), 0 error(s), 1 left on base; Wilmington 4 - Port Royal 3 |
TOP OF THE 6TH |
Wilmington Bay Hawks batting - Pitching for Port Royal Disaster : RHP Carl Snyder
|
Batting: RHB Clarence Therrien
|
0-0: Ball 1-0: Fly out, F2 (Popup, 2RF)
|
Pitching: LHP António Venegas
|
|
Batting: RHB Raúl Javier Jr.
|
0-0: Ball 1-0: Called Strike 1-1: Called Strike 1-2: Ball 2-2: Foul Ball, location: 2F 2-2: Foul Ball, location: 2F 2-2: Strikes out swinging, 2-3 out at first.
|
Batting: LHB Dave Smerdon
|
0-0: SINGLE (Flyball, 78S)
|
Batting: RHB Stephen Johnson
|
0-0: Called Strike 0-1: Ball 1-1: Swinging Strike 1-2: Foul Ball, location: 2F 1-2: Ground out 4-3 (Groundball, 4)
|
Top of the 6th over - 0 run(s), 1 hit(s), 0 error(s), 1 left on base; Wilmington 4 - Port Royal 3 |
BOTTOM OF THE 6TH |
Port Royal Disaster batting - Pitching for Wilmington Bay Hawks : RHP Seong-rae Park
|
Batting: RHB Mark O'Monaghan
|
0-0: Fly out, F4 (Popup, 13)
|
Batting: RHB Sergio Martínez
|
0-0: Called Strike 0-1: Fly out, F3 (Line Drive, 3S)
|
Batting: LHB Frank Wentworth
|
0-0: Foul Ball, location: 2F 0-1: Called Strike 0-2: Ball 1-2: Fly out, F7 (Flyball, 78XD)
|
Bottom of the 6th over - 0 run(s), 0 hit(s), 0 error(s), 0 left on base; Wilmington 4 - Port Royal 3 |
TOP OF THE 7TH |
Wilmington Bay Hawks batting - Pitching for Port Royal Disaster : LHP António Venegas
|
Batting: LHB Nelson Castillo
|
0-0: SOLO HOME RUN (Flyball, 9D), Distance : 402 ft
|
Batting: RHB Phil Terry
|
0-0: Ball 1-0: Foul Ball, location: 2F 1-1: Ball 2-1: Ground out 6-3 (Groundball, 6)
|
Batting: LHB Phil Parkinson
|
0-0: Ball 1-0: Fly out, F9 (Flyball, 89M)
|
Batting: RHB Artie Miller
|
0-0: Ball 1-0: Called Strike 1-1: SINGLE (Line Drive, 56D)
|
Batting: RHB Ray Flynn
|
0-0: Ball 1-0: Ground out 5-3 (Groundball, 5)
|
Top of the 7th over - 1 run(s), 2 hit(s), 0 error(s), 1 left on base; Wilmington 5 - Port Royal 3 |
BOTTOM OF THE 7TH |
Port Royal Disaster batting - Pitching for Wilmington Bay Hawks : RHP Seong-rae Park
|
Pitching: LHP Dalton García
|
|
Batting: RHB David Gómez
|
0-0: Ball 1-0: Ball 2-0: Ball 3-0: Called Strike 3-1: SINGLE (Line Drive, 9LS)
|
Batting: LHB Jason Potter
|
0-0: Called Strike 0-1: Ball 1-1: Ball 2-1: Foul Ball, location: 2F 2-2: Foul Ball, location: 2F 2-2: Grounds into double play, 1-6-3 (Groundball, 13)
|
Batting: RHB José Carlos Pérez
|
0-0: Ball 1-0: Ground out 4-3 (Groundball, 13)
|
Bottom of the 7th over - 0 run(s), 1 hit(s), 0 error(s), 0 left on base; Wilmington 5 - Port Royal 3 |
TOP OF THE 8TH |
Wilmington Bay Hawks batting - Pitching for Port Royal Disaster : LHP António Venegas
|
Batting: RHB Clarence Therrien
|
0-0: Ball 1-0: Foul Ball, location: 2F 1-1: Ball 2-1: Ball 3-1: Ground out 6-3 (Groundball, 56)
|
Batting: RHB Raúl Javier Jr.
|
0-0: Ball 1-0: Ball 2-0: Ball 3-0: Called Strike 3-1: Base on Balls
|
Pitching: RHP Jim Unknown
|
|
Batting: LHB Dave Smerdon
|
0-0: Called Strike 0-1: Ball 1-1: Fly out, F7 (Line Drive, 78S)
|
Batting: RHB Stephen Johnson
|
0-0: Swinging Strike 0-1: Foul Ball, location: 2F 0-2: SINGLE (Groundball, 5L) Raúl Javier Jr. to second
|
Batting: LHB Nelson Castillo
|
0-0: Foul Ball, location: 2F 0-1: Foul Ball, location: 2F 0-2: Fly out, F7 (Flyball, 7D)
|
Top of the 8th over - 0 run(s), 1 hit(s), 0 error(s), 2 left on base; Wilmington 5 - Port Royal 3 |
BOTTOM OF THE 8TH |
Port Royal Disaster batting - Pitching for Wilmington Bay Hawks : LHP Dalton García
|
Batting: RHB Juan Ávila
|
0-0: Called Strike 0-1: Ball 1-1: Ball 2-1: SINGLE (Line Drive, 4D)
|
Pitching: RHP Jen-djieh Si
|
|
Batting: RHB Ronnie Cleveland
|
0-0: Ball 1-0: Foul Ball, location: 2F 1-1: Foul Ball, location: 2F 1-2: Ball 2-2: Foul Ball, location: 2F 2-2: Strikes out swinging
|
Batting: RHB Brandon Cooper
|
0-0: Ball 1-0: Called Strike 1-1: Ball 2-1: Swinging Strike 2-2: Ball 3-2: Strikes out swinging
|
Batting: RHB Mark O'Monaghan
|
0-0: Ball 1-0: Called Strike 1-1: Foul Ball, location: 2F 1-2: Foul Ball, location: 2F 1-2: SINGLE (Groundball, 4M) Juan Ávila to second
|
Pinch Runner at 2nd David McJannett:
|
|
Pinch Hitting: SHB Arsenio Sameiro
|
0-0: Foul Ball, location: 2F 0-1: Ball 1-1: Ball 2-1: 3-RUN HOME RUN (Flyball, 9D), Distance : 399 ft
|
Batting: LHB Frank Wentworth
|
0-0: Ball 1-0: Ball 2-0: Ground out 6-3 (Groundball, 6)
|
Bottom of the 8th over - 3 run(s), 3 hit(s), 0 error(s), 0 left on base; Wilmington 5 - Port Royal 6 |
TOP OF THE 9TH |
Wilmington Bay Hawks batting - Pitching for Port Royal Disaster : RHP Jim Unknown
|
Pitching: RHP Jim Unknown
|
|
Now at 1B: Arsenio Sameiro
|
|
Now at 2B: Ángel Bruno
|
|
Now in LF: José Martínez
|
|
Pinch Hitting: SHB Juan Brito
|
0-0: Swinging Strike 0-1: Foul Ball, location: 2F 0-2: Ball 1-2: Ball 2-2: Ball 3-2: Foul Ball, location: 2F 3-2: Strikes out swinging
|
Batting: LHB Phil Parkinson
|
0-0: Fly out, F1 (Line Drive, 13)
|
Batting: RHB Artie Miller
|
0-0: Called Strike 0-1: Ball 1-1: Fly out, F9 (Flyball, 89M)
|
Top of the 9th over - 0 run(s), 0 hit(s), 0 error(s), 0 left on base; Wilmington 5 - Port Royal 6 |
|